 Dungeon Crawl Stone Soup version 0.30-a0-778-g2ef04afb54 (webtiles) character file.

Game seed: 17336515018218279058

46 Newt the Shooter (level 3, -1/36 HPs)
             Began as a Kobold Hunter on Feb 15, 2023.
             Was a Follower of Dithmenos.
             Slain by a kobold
             ... wielding a +0 club
              (2 damage)
             ... on level 2 of the Dungeon.
             The game lasted 00:01:30 (1816 turns).

Newt the Shooter (Kobold Hunter)                    Turns: 1816, Time: 00:01:31

Health: -1/36      AC:  6    Str:  8    XL:     3   Next: 92%
Magic:  3/3        EV: 14    Int: 10    God:    Dithmenos [*.....]
Gold:   58         SH:  0    Dex: 20    Spells: 2/2 levels left

rFire   . . .      SeeInvis .    a - +0 shortbow
rCold   . . .      Faith    .    (shield currently unavailable)
rNeg    . . .      Spirit   .    c - +0 leather armour
rPois   .          Reflect  .    (no helmet)
rElec   .          Harm     .    (no cloak)
rCorr   .          Rampage  .    (no gloves)
Will    .....                    e - +2 pair of boots Stlth
                                 (no amulet)
HPRegen 0.26/turn                i - ring of flight
MPRegen 0.08/turn                (no ring)

@: berserking, attractive, flying, wreathed by umbra, very quick
A: small, no large weapons, nightstalker 3
a: Renounce Religion


You were on level 2 of the Dungeon.
You worshipped Dithmenos.
Dithmenos was aware of your devotion.
You visited 1 branch of the dungeon, and saw 3 of its levels.

You collected 111 gold pieces.
You spent 53 gold pieces at shops.

Inventory:

Hand Weapons
 a - a +0 shortbow (weapon)
Armour
 c - a +0 leather armour (worn)
 e - a +2 pair of boots (worn)
Jewellery
 i - a ring of flight (left hand)
Scrolls
 b - a scroll of immolation
 g - a scroll of magic mapping
 l - a scroll of fear {unknown}
 m - a scroll of noise {unknown}
 n - a scroll of fog {unknown}
 o - a scroll of identify
Potions
 f - a potion of lignification
 h - a potion of attraction
 j - a potion of brilliance {unknown}
 k - 2 potions of curing {unknown}


   Skills:
 + Level 4.3 Fighting
 - Level 5.3 Ranged Weapons
 - Level 2.4 Dodging
 - Level 1.3 Stealth


You had 2 spell levels left.
You didn't know any spells.
Your spell library was empty.

Dungeon Overview and Level Annotations

Branches:
Dungeon (3/15)

Altars:
Dithmenos

Shops:
D:1 *=*(


Innate Abilities, Weirdness & Mutations

You are small and have problems with some larger weapons.
You are completely attuned to the shadows.


Message History

The gnoll shouts!
You shoot an arrow. The arrow hits the gnoll.
The gnoll is heavily wounded.
The scorpion closely misses you.
A dart slug comes into view.
The gnoll barely misses you. The gnoll hits you with a +0 flail.
The scorpion barely misses you.
You shoot an arrow. The arrow closely misses the gnoll.
The gnoll hits you with a +0 flail! The gnoll barely misses you.
The scorpion closely misses you. The gnoll barely misses you.
The gnoll closely misses you. The kobold closely misses you.
The gnoll hits you from afar with a +0 spear of venom.
The scorpion stings you.
You are too injured to fight recklessly!
The scorpion misses you. The gnoll barely misses you.
The gnoll hits you from afar with a +0 halberd!
* * * LOW HITPOINT WARNING * * *
The kobold misses you.
You fly upwards.
There is a stone staircase leading down here.
It was a potion of attraction.
You feel attractive to monsters. The scorpion misses you.
The kobold hits you but does no damage. The gnoll barely misses you.
It was a potion of berserk rage.
A red film seems to cover your vision as you go berserk!
You feel yourself moving faster!
You feel mighty! The scorpion barely misses you. The kobold closely misses you.
The gnoll barely misses you.
You are too berserk!
Unknown command.
Really attack while wielding your +0 shortbow? [Y]es or [N]o only, please.
Really attack while wielding your +0 shortbow?
You clumsily bash the gnoll.
The gnoll is almost dead.
The scorpion stings you.
* * * LOW HITPOINT WARNING * * *
The kobold hits you with a +0 club.
You die...

####### ##### #...sg# #...#
##'###@# #...## ##...##K#
####..... ##.....### #...##...
##.8...8.## #...##...
##.#.....#.## #####...#####
####...8...8..^###.......#
#..'.....?.....'.#.......#####
#.##...8...8...#..............
#.###.#.....#.########..)##..#


You could see a scorpion, a gnoll and a kobold.

Vanquished Creatures
  An adder (D:2)
  A worm (D:2)
  A dart slug (D:2)
  A bat (D:2)
  An endoplasm (D:1)
  4 giant cockroaches
  4 goblins
  5 hobgoblins
  A quokka (D:1)
  3 ball pythons
  A frilled lizard (D:1)
  2 kobolds (D:1)
  3 rats (D:1)
28 creatures vanquished.

Notes
Turn   | Place    | Note
-------+----------+-------------------------------------------
     0 | D:1      | Newt the Kobold Hunter began the quest for the Orb.
     0 | D:1      | Reached XP level 1. HP: 12/12 MP: 1/1
   185 | D:1      | Reached XP level 2. HP: 18/18 MP: 2/2
   319 | D:1      | Found Megejut's Weapon Shoppe.
   326 | D:1      | Found Usaof's Jewellery Shop.
   353 | D:1      | Found Jasasev's General Store.
   361 | D:1      | Bought a scroll of identify for 28 gold pieces
   595 | D:1      | Found Hampiux's Assorted Antiques.
   602 | D:1      | Bought a scroll labelled GEGUEC ASETIN for 25 gold pieces
  1095 | D:2      | Reached XP level 3. HP: 23/23 MP: 3/3
  1363 | D:2      | Found a faded altar of an unknown god.
  1781 | D:2      | Prayed at the altar of an unknown god.
  1781 | D:2      | Became a worshipper of Dithmenos the Shadowed
  1781 | D:2      | Reached * piety under Dithmenos
  1809 | D:3      | Noticed a scorpion
  1816 | D:2      | HP: 1/36 [scorpion (4)]
  1816 | D:2      | Slain by a kobold

Illustrated notes

Levels and vault maps discovered:
D:1:      amcnicky_arrival_flooded_fountain, layout_loops_ring, serial_shops,
          nicolae_shop_stone, shop_fountains, shop, shop,
          chequers_serial_rivers_micro_d
D:2:      layout_basic, hellmonk_ecumenical_altar_run_dry, chequers_big_river,
          dk_noncrumbling_3
D:3:      minmay_door_path, layout_rooms, portal_sewer_entry_b,
          kennysheep_generic_room_7

Skill      XL: |  1  2  3 |
---------------+----------+-----
Fighting       | 3 4 |  4.3
Ranged Weapons | |  5.3
Dodging        | |  2.4
Stealth        | |  1.3

Action                     || total
---------------------------++-------
  Melee: Shortbow          ||     1
   Fire: Shortbow          ||    71
    Use: Scroll            ||     4
         Potion            ||     2
 Armour: Leather armour    ||    14
  Dodge: Dodged            ||    29

Table legend: (Time is in decaauts)
 A = Elapsed time spent in this place.
 B = Non-inter-level travel time spent in this place.
 C = Inter-level travel time spent in this place.
 D = Time resting spent in this place.
 E = Time spent auto-exploring this place.
 F = Levels seen in this place.
 G = Mean time per level.
                   A        B        C        D        E       F      G
               +--------+--------+--------+--------+--------+-----+--------+
         Total |   1836 |   1729 |    107 |    200 |   1357 |   3 |  612.0 |
       Dungeon |   1836 |   1729 |    107 |    200 |   1357 |   3 |  612.0 |
               +--------+--------+--------+--------+--------+-----+--------+

Top non-repeatable levels by time:
     D:2: 1045 daAuts
     D:1: 785 daAuts
     D:3: 5 daAuts
